 Dungeon Crawl Stone Soup version 0.27-a0-34-gc18c9092ac (webtiles) character file.

Game seed: 17272156103367599056

34 robertstho the Skirmisher (level 3, 0/24 HPs)
             Began as a Gargoyle Fighter on Jan 4, 2021.
             Killed from afar by an adder (24 damage)
             ... with an exploding inner flame
             ... on level 2 of the Dungeon.
             The game lasted 00:00:55 (822 turns).

robertstho the Skirmisher (Gargoyle Fighter)         Turns: 822, Time: 00:00:56

Health: 0/24       AC: 12    Str: 20    XL:     3   Next: 31%
Magic:  3/3        EV:  7    Int:  8    God:
Gold:   15         SH:  9    Dex:  9    Spells: 2/2 levels left

rFire    . . .     SeeInvis .   a - +0 flail
rCold    . . .     Faith    .   c - +0 kite shield
rNeg     + . .     Spirit   .   b - +0 scale mail
rPois    ∞         Reflect  .   m - +0 helmet
rElec    +         Harm     .   h - +0 cloak
rCorr    .         Rampage  .   (no gloves)
Will     .....                  (no boots)
Stlth    ..........             (no amulet)
HPRegen  0.08/turn              (no ring)
MPRegen  0.08/turn              (no ring)

@: no status effects
A: negative energy resistance 1, electricity resistance, unbreathing,
petrification resistance, miasma immunity, AC +3
a: no special abilities


You were on level 2 of the Dungeon.
You visited 1 branch of the dungeon, and saw 2 of its levels.

You collected 15 gold pieces.

Inventory:

Hand Weapons
 a - a +0 flail (weapon)
Armour
 b - a +0 scale mail (worn)
 c - a +0 kite shield (worn)
 h - a +0 cloak (worn)
 m - a +0 helmet (worn)
Jewellery
 j - an uncursed ring of wizardry {unknown}
 k - a cursed -4 ring of intelligence {unknown}
Scrolls
 e - 4 scrolls of remove curse
Potions
 d - a potion of might
 f - 4 potions of lignification {unknown}
 l - a potion of haste {unknown}


   Skills:
 * Level 4.0 Fighting
 + Level 2.2 Maces & Flails
 * Level 3.7 Armour
 + Level 3.5 Shields


You had 2 spell levels left.
You didn't know any spells.
Your spell library was empty.

Dungeon Overview and Level Annotations

Branches:
Dungeon (2/15)

Altars:


Innate Abilities, Weirdness & Mutations

You are resistant to torment.
Your stone body is resilient. (AC +3)
You are immune to poison.
You resist negative energy. (rN+)
You are resistant to electric shocks. (rElec)
You can survive without breathing.
You are immune to petrification.
You are immune to miasma.


Message History

You feel blessed for a moment.
It was a scroll of remove curse.
As you read the scroll labelled REOCHIWUYQ, it crumbles to dust.
The creatures around you are filled with an inner flame!
It was a scroll of immolation.
Blink to where?
Press: ? - help, Dir - move target
As you read the scroll labelled ISOZUK NEHOIRPH, it crumbles to dust.
It was a scroll of blinking.
A kobold comes into view.
The kobold throws a stone.
You block the stone.
Found a scroll of remove curse.
You sock the kobold!
You kill the kobold!
You hit the adder.
Flame seeps out of the adder.
The adder is heavily wounded.
The adder is engulfed in blazing flames.
The adder explodes!
The fiery explosion engulfs you!!
Ouch! That really hurt!
You die...

...# ...# #
#..# #.#?.#
#.#..#
....# #.(#
#..#
########@.#
#....<§○§(#
#.##.####.#
#. #.# #.
#.# #. #.#
#S #.# #.
... .. ###


There were no monsters in sight!

Vanquished Creatures
  A gnoll (D:1)
  An adder (D:2)
  2 dart slugs (D:1)
  A leopard gecko (D:1)
  A ball python (D:1)
  2 goblins (D:1)
  2 hobgoblins (D:1)
  3 jackals (D:1)
  A bat (D:1)
  2 frilled lizards (D:1)
  A kobold (D:2)
  3 rats (D:1)
20 creatures vanquished.

Notes
Turn   | Place    | Note
-------+----------+-------------------------------------------
     0 | D:1      | robertstho the Gargoyle Fighter began the quest for the
                  | Orb.
     0 | D:1      | Reached XP level 1. HP: 14/14 MP: 1/1
     1 | D:1      | Noticed an electric eel
   101 | D:1      | Reached XP level 2. HP: 20/20 MP: 2/2
   298 | D:1      | Reached skill level 4 in Fighting
   473 | D:1      | Reached XP level 3. HP: 24/24 MP: 3/3
   822 | D:2      | Killed from afar by an adder

Illustrated notes

Levels and vault maps discovered:
D:1:      arrival_aquarium_a, layout_loops_ring
D:2:      layout_loops_ring, minmay_misc_feat_more_columns, due_unseen_surprise

Skill      XL: |  1  2 |
---------------+-------+-----
Fighting       | 4 |  4.0
Maces & Flails | |  2.2
Armour         | |  3.7
Shields        | |  3.5

Action                   || total
-------------------------++-------
Melee: Flail             ||    71
  Use: Scroll            ||     3
Armor: Scale mail        ||    40
Dodge: Dodged            ||    15
Block: Kite shield       ||    28

Table legend: (Time is in decaauts)
 A = Elapsed time spent in this place.
 B = Non-inter-level travel time spent in this place.
 C = Inter-level travel time spent in this place.
 D = Time resting spent in this place.
 E = Time spent auto-exploring this place.
 F = Levels seen in this place.
 G = Mean time per level.
                   A        B        C        D        E       F      G
               +--------+--------+--------+--------+--------+-----+--------+
         Total |    848 |    826 |     22 |      0 |    642 |   2 |  424.0 |
       Dungeon |    848 |    826 |     22 |      0 |    642 |   2 |  424.0 |
               +--------+--------+--------+--------+--------+-----+--------+

Top non-repeatable levels by time:
     D:1: 840 daAuts
     D:2: 8 daAuts
